Map: Oxide LE

Players

Namshar - Winner!

  • Race: Zerg Zerg
  • League: Grandmaster
  • Spawn Location: 1:00

TLO

  • Race: Zerg Zerg
  • League: Master
  • Spawn Location: 7:00

Event: DreamHack SC2 Masters 2020 Winter

VOD

Have the link to the VOD?

Description

Time

  • Played on: Oct. 27, 2020, 6:49 p.m.
  • Length: 7:12

All games in this series

Show
View Real Time Build Order
Export as new Build Order

Namshar Zerg - Winner!

Build Orders: Hatch First 

Get SALT Encoding   

  12  0:00  Drone  
  13  0:12  Overlord  
  13  0:16  Drone  
  14  0:30  Drone x2  
  16  0:46  Hatchery  
  15  0:50  Drone  
  15  0:54  Drone  
  17  0:57  Drone  
  18  1:08  Extractor  
  17  1:12  Spawning Pool  
  17  1:15  Drone  
  17  1:19  Drone  
  18  1:27  Drone  
  19  1:38  Drone  
  20  1:49  Drone  
  21  1:59  Queen x2  
  21  2:00  Zergling x2  
  21  2:01  Overlord  
  26  2:10  Drone x2  
  26  2:11  Metabolic Boost  
  28  2:20  Drone  
  28  2:21  Drone  
  30  2:31  Drone  
  30  2:33  Hatchery  
  30  2:36  Drone  
  31  2:42  Queen  
  33  2:49  Baneling Nest  
  32  2:52  Overlord  
  32  2:56  Drone x2  
  34  3:03  Drone  
  34  3:06  Drone  
  34  3:11  Overlord  
  34  3:12  Drone  
  36  3:13  Zergling x4  
  36  3:16  Zergling x2  
  39  3:20  Zergling x2  
  39  3:21  Drone  
  41  3:28  Evolution Chamber  
  40  3:34  Baneling  
  40  3:38  Baneling  
  40  3:40  Drone x4  
  44  3:42  Drone  
  44  3:45  Drone x3  
  48  3:55  Drone, Zerg Missile Weapons Level 1  
  48  3:56  Drone x2  
  48  3:57  Overlord  
  48  3:58  Drone x2  
  53  4:07  Roach Warren  
  53  4:09  Extractor  
  51  4:10  Extractor, Overlord  
  51  4:15  Drone x4  
  54  4:24  Overlord x3  
  54  4:25  Zergling x2  
  54  4:27  Zergling x2  
  55  4:51  Roach x6  
  67  4:57  Overlord  
  67  4:58  Roach x2  
  73  5:00  Roach  
  73  5:01  Overlord  
  73  5:03  Roach x4  
  81  5:09  Roach  
  81  5:12  Roach  
  85  5:17  Roach x2  
  89  5:26  Zergling x12  
  89  5:27  Zergling x6  
  97  5:30  Ravager  
  97  5:33  Ravager  
  97  5:34  Overlord  
  99  5:35  Zergling x2  
  99  5:36  Zergling x4  
  99  5:40  Baneling x2  
  99  5:42  Baneling  
  102  5:45  Zergling x4  
  103  5:50  Overlord  
  102  6:01  Zergling x8  
  103  6:07  Zergling x14, Roach  
  103  6:08  Ravager  
  106  6:13  Zergling x2  
  106  6:14  Zergling x6  
  100  6:27  Zergling x6, Ravager  
  100  6:28  Ravager  
  100  6:31  Zergling x4  
  92  6:43  Drone x10  
  96  6:53  Roach x3  
  89  7:05  Evolution Chamber  
Show
View Real Time Build Order
Export as new Build Order

TLO Zerg 

Build Orders: Hatch First 

Get SALT Encoding   

  12  0:00  Drone  
  13  0:12  Overlord  
  13  0:16  Drone  
  14  0:30  Drone x2  
  16  0:47  Hatchery  
  15  0:51  Drone  
  15  0:54  Drone  
  17  0:58  Drone  
  17  1:01  Extractor  
  17  1:14  Spawning Pool  
  17  1:17  Drone  
  17  1:20  Drone  
  18  1:28  Drone  
  19  1:38  Drone  
  20  1:49  Drone  
  21  2:00  Queen x2  
  25  2:02  Metabolic Boost  
  25  2:05  Overlord  
  25  2:09  Drone  
  25  2:15  Drone x2  
  28  2:24  Zergling x2  
  28  2:25  Zergling x2  
  30  2:34  Hatchery  
  30  2:37  Drone  
  30  2:42  Drone  
  30  2:43  Overlord  
  31  2:47  Drone  
  32  2:53  Baneling Nest  
  32  2:54  Drone  
  32  3:03  Drone  
  32  3:04  Drone  
  32  3:05  Drone  
  35  3:09  Drone  
  35  3:10  Overlord  
  35  3:12  Zergling x2  
  37  3:13  Drone  
  37  3:18  Drone  
  39  3:22  Queen  
  41  3:29  Lair  
  41  3:32  Drone  
  41  3:33  Extractor  
  40  3:34  Drone  
  40  3:38  Drone, Evolution Chamber  
  41  3:42  Drone  
  41  3:48  Drone  
  43  3:49  Drone  
  43  3:52  Drone  
  43  3:53  Drone, Extractor  
  43  3:55  Drone, Zergling x2  
  46  3:56  Baneling, Zergling x2  
  48  4:03  Drone  
  48  4:04  Zerg Missile Weapons Level 1  
  48  4:05  Drone  
  48  4:07  Drone  
  48  4:09  Zergling x2  
  52  4:10  Drone  
  53  4:18  Drone x2  
  53  4:19  Drone, Roach Warren  
  53  4:22  Overlord  
  55  4:24  Drone  
  55  4:27  Drone  
  55  4:29  Extractor  
  55  4:30  Zergling x2  
  57  4:32  Overlord  
  57  4:35  Overlord  
  57  4:41  Drone  
  57  4:42  Drone x3  
  61  4:46  Baneling x2  
  61  4:49  Overlord  
  61  4:52  Drone  
  61  4:53  Drone  
  61  4:54  Drone x2  
  64  5:00  Glial Reconstitution  
  64  5:01  Roach  
  64  5:03  Drone x2  
  64  5:05  Roach  
  70  5:07  Drone  
  70  5:09  Roach  
  70  5:11  Roach  
  70  5:12  Drone  
  76  5:15  Extractor  
  76  5:16  Drone  
  76  5:17  Extractor, Roach  
  76  5:19  Roach  
  79  5:21  Roach  
  79  5:24  Roach  
  79  5:25  Roach  
  79  5:27  Drone  
  85  5:30  Roach x2  
  89  5:36  Overlord  
  89  5:37  Overlord  
  89  5:38  Overlord  
  89  5:42  Spine Crawler  
  88  5:43  Overlord  
  88  5:47  Overlord  
  88  5:48  Ravager  
  89  5:52  Baneling x3  
  89  5:54  Roach  
  87  5:58  Roach  
  87  5:59  Roach  
  87  6:00  Roach  
  90  6:05  Roach  
  90  6:08  Roach x2  
  90  6:09  Roach x2  
  89  6:13  Roach  
  89  6:14  Roach  
  89  6:17  Roach  
  87  6:21  Roach  
  87  6:24  Roach  
  79  6:26  Roach  
  79  6:27  Roach  
  79  6:32  Roach  
  70  6:36  Roach  
  65  6:40  Roach  
  65  6:45  Roach  
  60  6:51  Roach  
Tags
 
Add a new tag
Caveats
  • Supply blocks, unpowered buildings, or Contaminate may cause inaccurate times.
  • Supply counts are checked every 10 seconds.